 Dungeon Crawl Stone Soup version 0.31.0-12-g77e489cdc1 (webtiles) character file.

Game seed: 12583931695869508166

26602 ChrisAssaf the Covert (level 13, -18/84 HPs)
             Began as a Human Brigand on Mar 4, 2024.
             Was a High Priest of Hepliaklqana.
             Demolished by a komodo dragon (28 damage)
             ... on level 2 of the Lair of Beasts on Mar 5, 2024.
             The game lasted 00:56:43 (13239 turns).

ChrisAssaf the Covert (Human Brigand)              Turns: 13239, Time: 00:56:44

Health: -18/84     AC:  6    Str: 18    XL:     13   Next: 27%
Magic:  0/19       EV: 14    Int: 20    God:    Hepliaklqana [*****.]
Gold:   1275       SH:  0    Dex: 14    Spells: 12/20 levels left

rFire   . . .        M - +2 rapier "Ameikem" {drain, rElec rN+ Str+3}
rCold   . . .        (no shield)
rNeg    + . .        A - +0 troll leather armour
rPois   .            (no helmet)
rElec   +            c - +1 cloak
rCorr   +            (no gloves)
SInv    .            (no boots)
Will    .....        C - amulet of guardian spirit
Stlth   ++           o - ring of resist corrosion
HPRegen 1.14/turn    z - +6 ring of intelligence
MPRegen 0.16/turn

%: guardian spirit
@: very slow
A: reduced essence, explore regen
a: Renounce Religion, Recall Ancestor, Ancestor Identity, Transference, Idealise


You were on level 2 of the Lair of Beasts.
You worshipped Hepliaklqana.
Hepliaklqana was extremely pleased with you.
You visited 2 branches of the dungeon, and saw 13 of its levels.
You also visited: Ossuary.

You collected 1275 gold pieces.

Inventory:

Hand Weapons
 d - a +3 dagger of speed
 K - a +2 dagger of venom
 M - the +2 rapier "Ameikem" (weapon) {drain, rElec rN+ Str+3}
   (You found it on level 1 of the Lair of Beasts)

   Str+3:     It affects your strength (+3).
   rElec:     It insulates you from electricity.
   rN+:       It protects you from negative energy.
 N - the +5 quarterstaff of the Heart {venom, rN+ Str-2 Dex+4}
   (You found it on level 10 of the Dungeon)

   Str-2:     It affects your strength (-2).
   Dex+4:     It affects your dexterity (+4).
   rN+:       It protects you from negative energy.
Missiles
 a - 14 darts of dispersal
 e - 6 curare-tipped darts (quivered)
 g - 8 boomerangs
 i - 3 throwing nets
 G - 17 poisoned darts
Armour
 b - a +0 robe
 c - a +1 cloak (worn)
 j - a +3 kite shield
 A - a +0 troll leather armour (worn)
Jewellery
 o - a ring of resist corrosion (left hand)
 q - an amulet of the acrobat
 v - an amulet of reflection
 z - a +6 ring of intelligence (right hand)
 C - an amulet of guardian spirit (around neck)
 H - a +4 ring of protection
 P - a ring of see invisible
Talismans
 l - a serpent talisman
Wands
 m - a wand of polymorph (22)
 n - a wand of mindburst (6)
 D - a wand of flame (15)
 F - a wand of paralysis (12)
 Q - a wand of roots (4)
Scrolls
 f - a scroll of enchant weapon
 h - 5 scrolls of revelation
 k - a scroll of fog
 p - 7 scrolls of vulnerability
 r - 6 scrolls of teleportation
 s - 2 scrolls of amnesia
Potions
 t - 5 potions of lignification
 u - 8 potions of curing
 w - 2 potions of brilliance
 x - a potion of attraction
 B - 2 potions of berserk rage
 E - 2 potions of resistance
 I - a potion of mutation {unknown}
 J - 2 potions of enlightenment
 L - a potion of haste {unknown}
 O - a potion of degeneration {unknown}
 R - a potion of heal wounds
Miscellaneous
 y - a phantom mirror (inert)


   Skills:
 * Level 6.3 Fighting
 * Level 7.8 Short Blades
 * Level 3.5 Staves
 * Level 6.2 Throwing
 * Level 5.8 Armour
 * Level 6.7 Dodging
 * Level 8.7 Stealth
 * Level 6.7 Shields
 * Level 4.2 Spellcasting
 * Level 3.6 Conjurations
 * Level 4.7 Hexes
 * Level 3.3 Fire Magic
 * Level 2.3 Alchemy
 * Level 6.6 Invocations
 * Level 5.2 Evocations
 * Level 4.7 Shapeshifting


You had 12 spell levels left.
You knew the following spells:

 Your Spells              Type           Power      Damage    Failure   Level
a - Tukima's Dance        Hex            23%        N/A       6%          3
b - Foxfire               Conj/Fire      72%        2x1d7     3%          1
c - Olgreb's Toxic Radia  Alch           13%        N/A       47%         4

Your spell library contained the following spells:

 Spells                   Type           Power      Damage    Failure   Level
 Dimensional Bullseye     Hex/Tloc       6%         N/A       47%         4
 Iskenderun's Mystic Bla  Conj/Tloc      11%        2d4       56%         4
 Starburst                Conj/Fire      9%         6d5       99%         6
 Plasma Beam              Fire/Air       5%         2x1d15    100%        6
 Ozocubu's Refrigeration  Ice            2%         4d7       100%        7
 Discord                  Hex            11%        N/A       100%        8


Dungeon Overview and Level Annotations

Branches:
Dungeon (11/15)            Temple (0/1) D:6            Lair (2/5) D:11
    Orc (0/2) D:9         Ossuary (visited)
  Swamp: Lair:2-3    Shoals: Lair:2-3     Snake: Lair:2-3    Spider: Lair:2-3

Altars:
Cheibriados
Dithmenos
Elyvilon
Fedhas
Gozag
Hepliaklqana
Kikubaaqudgha
Makhleb
Nemelex Xobeh
Okawaru
Qazlal
Sif Muna
Trog
Vehumet
Yredelemnul
Zin
The Shining One

Annotations:
D:9 exclusion: statue


Innate Abilities, Weirdness & Mutations

Your life essence is reduced to manifest your ancestor. (-10% HP)
You regain HP and MP as you explore.


Message History

You swap places.
You swap places.
You swap places.
h - 5 scrolls of revelation (gained 1)
A komodo dragon comes into view.
A swamp worm comes into view.
You enter the shallow water.
Moving in this stuff is going to be slow.
An iguana comes into view.
Jean Assaf points at the komodo dragon and mumbles some strange words.
The puff of frost hits the komodo dragon.
The komodo dragon bites you!! x2
You hit the komodo dragon.
The komodo dragon is lightly wounded.
The iguana hisses angrily.
You swap places.
The komodo dragon bites you!!
The swamp worm fires a harpoon shot at you.
The harpoon shot hits Jean Assaf!
You hear a roar!
Jean Assaf hits the swamp worm with a +0 quarterstaff.
The swamp worm fires a harpoon shot at you.
The harpoon shot hits you!
You are yanked forward by the harpoon shot.
Splash!
You fall into the shallow water.
Moving in this stuff is going to be slow.
Jean Assaf barely misses the swamp worm.
The komodo dragon bites you!
* * * LOW HITPOINT WARNING * * *
Aiming: Throw Flame
Press: ? - help, Shift-Dir - straight line, f - komodo dragon
Aim: a komodo dragon (lightly wounded, 81% to hit)
The puff of flame hits the komodo dragon but does no damage.
The komodo dragon is lightly wounded.
The swamp worm bites you!
* * * LOW HITPOINT WARNING * * *
Jean Assaf misses the swamp worm.
The komodo dragon is engulfed in a cloud of scalding steam.
The komodo dragon bites you!!
You die...

.<...#...........P#.....##.##
.....#....#♣.....##......#.#
.........♣R♣...♣.#♣.....#..##
....#♣♣♣♣♣♣♣♣.♣♣♣♣♣##.####..#
....♣ ~..♣♣♣♣♣≈≈≈♣###.###..##
...♣♣ ..§§ ♣≈~≈≈♣.........P#
...♣ §l§♣...~♣.........##
..♣♣ ♣l♣Rw.~♣.........# ..♣
♣...l@~♣........## ..♣
♣.....~♣........# ).♣
♣♣..~~...P.##...# ..♣♣
♣♣.♣~...####...# ...♣
♣♣♣♣♣.♣#####...## ...♣♣♣♣♣♣♣
♣.♣.♣♣♣...###...#
....♣..♣.♣♣♣♣....♣......#..P#
....'............#.........P#
....#.....#.......##........#


You could see the friendly Jean Assaf the battlemage, a komodo dragon, a swamp
worm (ally target) and an iguana.

Vanquished Creatures
  A two-headed ogre (D:10)
  A boulder beetle (Lair:1)
  A cyclops (D:11)
  A manticore (D:11)
  Maurice (D:9)
  2 cane toads
  A komodo dragon (Lair:1)
  5 trolls
  A hornet (D:8)
  Prince Ribbit (D:8)
  A blink frog (Lair:1)
  A dream sheep (Lair:1)
  A wraith (D:6)
  A wyvern (Lair:2)
  14 yaks
  3 basilisks
  4 water moccasins
  An orc warrior (D:9)
  2 sky beasts
  An ice beast (D:7)
  2 centaurs
  A kobold brigand (D:7)
  4 bullfrogs
  A scorpion (D:6)
  2 gnoll sergeants (D:8)
  3 wights
  A killer bee (D:8)
  5 howler monkeys
  2 bullfrog zombies (Ossuary)
  3 hounds
  A gnoll bouda (D:6)
  2 iguanas
  5 orc wizards
  A mummy (Ossuary)
  6 gnolls
  2 howler monkey zombies (Ossuary)
  An adder (D:4)
  2 dart slugs
  A ribbon worm (D:2)
  7 orcs
  3 ball pythons
  2 endoplasms
  3 giant cockroaches
  A goblin (D:1)
  A hobgoblin (D:1)
  2 quokkas
  2 ball python zombies (Ossuary)
  4 bats
  3 frilled lizards
  6 kobolds
  3 rats
126 creatures vanquished.

Vanquished Creatures (collateral kills)
  2 hydras (Lair:2)
  Harold (D:9)
  2 two-headed ogres
  A cyclops (D:11)
  A black mamba (Lair:1)
  A gargoyle (D:11)
  A cane toad (Lair:1)
  6 komodo dragons
  2 rime drakes
  2 trolls
  7 blink frogs
  6 dream sheep (Lair:1)
  Sigmund (D:4)
  2 shadows (D:11)
  A vampire (D:10)
  A wyvern (D:8)
  14 yaks
  4 steam dragons
  An acid dragon (D:11)
  2 water moccasins
  3 sky beasts
  2 black bears (D:7)
  2 ogres
  4 ice beasts
  4 centaurs
  A phantom (D:4)
  4 kobold brigands
  Blork the orc (D:4)
  8 bullfrogs
  A scorpion (D:4)
  7 wights
  2 howler monkeys
  3 bullfrog zombies (Ossuary)
  2 orc priests
  2 hounds (D:4)
  Crazy Yiuf (D:2)
  A jelly (D:6)
  3 gnoll boudas
  3 iguanas
  Terence (D:2)
  Natasha (twice) (D:2)
  7 orc wizards
  4 crocodile zombies (Ossuary)
  4 hound zombies (Ossuary)
  3 mummies (Ossuary)
  3 howler monkey zombies (Ossuary)
  3 adders
  17 gnolls
  2 shadow imps
  A white imp (D:6)
  An ufetubus (D:6)
  A dart slug (D:2)
  A ribbon worm (D:2)
  16 orcs
  4 ball pythons
  7 endoplasms
  A giant cockroach (D:2)
  4 goblins
  A hobgoblin (D:1)
  8 kobolds
  5 ball python zombies (Ossuary)
  2 frilled lizards (D:3)
210 creatures vanquished.

Vanquished Creatures (others)
  A yak (Lair:2)
  3 dancing weapons
  An orc wizard (D:8)
  7 battlemagi
  An ancestor (D:2)
  4 foxfires (D:9)
17 creatures vanquished.

Grand Total: 353 creatures vanquished

Notes
Turn   | Place    | Note
-------+----------+-------------------------------------------
     0 | D:1      | ChrisAssaf the Human Brigand began the quest for the Orb.
     0 | D:1      | Reached XP level 1. HP: 16/16 MP: 1/1
   196 | D:1      | Found a faded altar of an unknown god.
   200 | D:1      | Reached XP level 2. HP: 22/22 MP: 2/2
   308 | D:1      | Prayed at the altar of an unknown god.
   308 | D:1      | Became a worshipper of Hepliaklqana the Forgotten
   308 | D:1      | Reached * piety under Hepliaklqana
   738 | D:1      | Reached XP level 3. HP: 24/24 MP: 3/3
  1330 | D:2      | Reached XP level 4. HP: 25/30 MP: 4/4
  1404 | D:2      | Reached skill level 1 in Armour
  1521 | D:2      | Reached ** piety under Hepliaklqana
  1525 | D:2      | Remembered your ancestor Jean Assaf as a battlemage
  1555 | D:2      | Noticed Terence
  1563 | D:2      | Killed Terence
  1611 | D:2      | Reached XP level 5. HP: 35/35 MP: 5/5
  1702 | D:2      | Found a blossoming altar of Fedhas.
  1828 | D:2      | Found a runed translucent door.
  1829 | D:2      | Noticed Crazy Yiuf
  1836 | D:2      | Killed Crazy Yiuf
  1837 | D:2      | Reached skill level 5 in Stealth
  2010 | D:2      | Noticed Natasha
  2017 | D:2      | Killed Natasha
  2207 | D:2      | Noticed Natasha
  2212 | D:2      | Natasha changed into Natasha the centaur
  2212 | D:2      | Noticed Natasha
  2225 | D:2      | Killed Natasha the centaur
  2226 | D:2      | Reached skill level 1 in Shields
  2226 | D:2      | Reached skill level 1 in Invocations
  2226 | D:2      | Reached XP level 6. HP: 11/41 MP: 6/6
  2445 | D:2      | Noticed Natasha
  2455 | D:2      | Killed Natasha
  2480 | D:3      | Noticed Ijyb
  2482 | D:3      | Ijyb changed into Ijyb the ball python
  2482 | D:3      | Noticed Ijyb
  2483 | D:3      | Killed Ijyb the ball python
  2556 | D:3      | Found a basalt altar of Yredelemnul.
  2724 | D:3      | Found an ancient bone altar of Kikubaaqudgha.
  2809 | D:3      | Found a white marble altar of Elyvilon.
  3118 | D:4      | Reached XP level 7. HP: 46/46 MP: 6/8
  3137 | D:4      | Noticed Blork the orc
  3155 | D:4      | Found a sand-covered staircase.
  3160 | Ossuary  | Entered an ossuary
  3169 | Ossuary  | Reached skill level 1 in Evocations
  3169 | Ossuary  | Reached skill level 1 in Shapeshifting
  3220 | Ossuary  | Reached *** piety under Hepliaklqana
  3495 | Ossuary  | Reached XP level 8. HP: 45/52 MP: 9/9
  3708 | D:4      | Noticed Sigmund
  3885 | D:4      | Killed Blork the orc
  3890 | D:4      | Killed Sigmund
  4431 | D:5      | Entered Level 5 of the Dungeon
  4600 | D:5      | Reached **** piety under Hepliaklqana
  4605 | D:5      | Found an opulent altar of Gozag.
  4756 | D:5      | Reached XP level 9. HP: 58/58 MP: 11/11
  4760 | D:5      | Learned a level 3 spell: Tukima's Dance
  4913 | D:5      | Found a stormy altar of Qazlal.
  5036 | D:5      | Noticed a two-headed ogre
  5048 | D:5      | Killed a two-headed ogre
  5049 | D:5      | Reached skill level 5 in Short Blades
  5049 | D:5      | Reached skill level 6 in Stealth
  5049 | D:5      | Reached skill level 1 in Spellcasting
  5049 | D:5      | Reached skill level 1 in Hexes
  5425 | D:6      | Found a staircase to the Ecumenical Temple.
  5552 | D:6      | Found a snail-covered altar of Cheibriados.
  5809 | D:6      | Noticed a komodo dragon
  5814 | D:6      | Killed a komodo dragon
  5826 | D:6      | Reached XP level 10. HP: 42/65 MP: 8/12
  6365 | D:7      | Reached skill level 5 in Dodging
  6414 | D:7      | Reached skill level 7 in Stealth
  6704 | D:7      | Found a bloodstained altar of Trog.
  6901 | D:8      | Reached ***** piety under Hepliaklqana
  7011 | D:8      | Reached skill level 5 in Shields
  7038 | D:8      | Found a burning altar of Makhleb.
  7290 | D:8      | Noticed Prince Ribbit
  7297 | D:8      | Killed Prince Ribbit
  7677 | D:8      | Reached XP level 11. HP: 65/70 MP: 14/14
  7697 | D:8      | Learned a level 1 spell: Foxfire
  7789 | D:8      | Reached skill level 5 in Throwing
  8075 | D:8      | Noticed a two-headed ogre
  8084 | D:8      | Killed a two-headed ogre
  8091 | D:8      | Found a sparkling altar of Nemelex Xobeh.
  8144 | D:8      | Found an iron altar of Okawaru.
  8286 | D:9      | Noticed Maurice
  8342 | D:9      | Noticed Harold
  8351 | D:9      | Killed Harold
  8352 | D:9      | Reached skill level 5 in Fighting
  8352 | D:9      | Reached skill level 1 in Conjurations
  8379 | D:9      | Maurice stole an amulet of the acrobat
  8382 | D:9      | Killed Maurice
  8383 | D:9      | Reached skill level 1 in Fire Magic
  8383 | D:9      | Reached skill level 5 in Invocations
  8758 | D:9      | Found a staircase to the Orcish Mines.
  8893 | D:9      | Found a radiant altar of Vehumet.
  9098 | D:9      | Found a glowing silver altar of Zin.
  9098 | D:9      | Found a glowing golden altar of the Shining One.
  9108 | D:9      | Found a shimmering blue altar of Sif Muna.
  9393 | D:10     | Entered Level 10 of the Dungeon
  9467 | D:10     | Noticed a two-headed ogre
  9483 | D:10     | Killed a two-headed ogre
  9505 | D:10     | Found a shadowy altar of Dithmenos.
  9720 | D:10     | Reached skill level 5 in Armour
  9920 | D:10     | Found a hazy altar of Hepliaklqana.
  9939 | D:10     | Learned a level 4 spell: Olgreb's Toxic Radiance
 10123 | D:10     | Identified the +5 quarterstaff of the Heart {venom, rN+
                  | Str-2 Dex+4}
 10390 | D:11     | Reached XP level 12. HP: 72/77 MP: 17/17
 10535 | D:11     | Reached skill level 1 in Staves
 10617 | D:11     | Reached skill level 8 in Stealth
 10702 | D:11     | Reached skill level 1 in Alchemy
 10795 | D:11     | Found a staircase to the Lair.
 11599 | Lair:1   | Entered Level 1 of the Lair of Beasts
 11624 | Lair:1   | Identified the +2 rapier "Ameikem" {drain, rElec rN+ Str+3}
 11793 | Lair:1   | Noticed a boulder beetle
 11808 | Lair:1   | Killed a boulder beetle
 11916 | Lair:1   | Reached skill level 5 in Evocations
 12210 | Lair:1   | Reached XP level 13. HP: 69/83 MP: 13/19
 13239 | Lair:2   | Demolished by a komodo dragon

Illustrated notes

Levels and vault maps discovered:
D:1:      lightli_arrival_boilingwater, layout_basic,
          hellmonk_ecumenical_altar_lost_god, serial_bayou_ford_a,
          kennysheep_small_spiral
D:2:      layout_basic, basic_altar, uniq_terence, uniq_natasha,
          uniq_crazy_yiuf_cottage
D:3:      layout_loops_ring, elyvilon_altar_3, yredelemnul_altar_generic,
          nicolae_kikubaaqudgha_miasma_corner, uniq_ijyb
D:4:      layout_gridville, serial_forest, infiniplex_forest_end_2,
          infiniplex_forest_corner_2, infiniplex_forest_lined_3_way,
          infiniplex_forest_clump_double, infiniplex_forest_lined_room_2,
          infiniplex_forest_end_2, infiniplex_forest_clump_diagonal,
          infiniplex_forest_end_3, infiniplex_forest_straight_1,
          infiniplex_forest_clump_double, enter_ossuary_2, uniq_blork_the_orc,
          uniq_sigmund
D:5:      layout_gridville, mainiacjoe_overflow_alcove_2,
          grunt_gozag_breadcrumbs
D:6:      minmay_opposing_rooms, layout_loops_ring, marbit_many_paths,
          minmay_temple_entry_grid, serial_park_tiny_pond
D:7:      layout_cave_pools, trog_ov_bears_minmay, hex_large,
          grunt_decor_arrowhead, minmay_unpleasant_kobolds
D:8:      minmay_polygon_palace, layout_loops_corners,
          mainiacjoe_overflow_boulevard, general_overflow_altar,
          nemelex_xobeh_ov_fountains_minmay, uniq_prince_ribbit1
D:9:      layout_roguey, vehumet_statue, nicolae_sif_muna_little_library,
          gammafunk_temple_overflow_statue, orc_0_dummy, uniq_harold,
          uniq_maurice
D:10:     layout_loops_cross, mainiacjoe_overflow_cross_hatched,
          old_standard_altar
D:11:     layout_gridville, erik_lair_dragon
Lair:1:   layout_regular_city
Lair:2:   layout_regular_city, palyth_hydra_swamp_entry

Skill      XL: |  1  2  3  4  5  6  7  8  9 10 11 12 13 |
---------------+----------------------------------------+-----
Armour         | 1 2 3 4 5 |  5.8
Stealth        | 5 6 7 8 |  8.7
Dodging        | 2 3 4 5 6 |  6.7
Shields        | 1 2 3 4 5 6 |  6.7
Invocations    | 1 2 3 4 5 6 |  6.6
Fighting       | 3 4 5 6 |  6.3
Short Blades   | 3 4 5 6 7 |  7.8
Evocations     | 1 2 3 4 5 |  5.2
Shapeshifting  | 1 2 3 4 |  4.7
Throwing       | 3 4 5 6 |  6.2
Spellcasting   | 1 2 3 4 |  4.2
Hexes          | 1 2 3 4 |  4.7
Conjurations   | 2 3 |  3.6
Fire Magic     | 1 2 3 |  3.3
Staves         | 3 |  3.5
Alchemy        | 2 |  2.3

Action                     |  1- 3 |  4- 6 |  7- 9 | 10-12 | 13-15 || total
---------------------------+-------+-------+-------+-------+-------++-------
  Melee: Dagger            |    63 |    48 |   192 |   283 |       ||   586
         Punch             |       |     1 |       |     4 |       ||     5
         Quarterstaff      |       |       |       |    45 |       ||    45
         Unarmed           |       |       |       |     3 |       ||     3
         Constrict         |       |       |       |     2 |       ||     2
         Rapier            |       |       |       |    91 |    44 ||   135
  Throw: Dart              |    21 |    11 |    14 |    16 |     4 ||    66
   Cast: Tukima's Dance    |       |       |       |    11 |       ||    11
         Foxfire           |       |       |       |     2 |       ||     2
 Invoke: Recall Ancestor   |     2 |       |     1 |     2 |       ||     5
         Ancestor Identity |     1 |       |       |       |       ||     1
         Ancestor Life: Ba |       |     1 |       |       |       ||     1
         Idealise          |       |       |       |     2 |       ||     2
         Transference      |       |       |       |     1 |       ||     1
  Evoke: Wand              |       |     3 |     9 |    23 |     3 ||    38
         Phantom mirror    |       |       |       |       |     1 ||     1
    Use: Scroll            |     4 |     8 |     9 |     9 |     2 ||    32
         Potion            |     2 |       |       |     6 |     2 ||    10
   Stab: Sleeping          |     7 |     2 |     5 |    11 |     1 ||    26
         Distracted        |       |       |     3 |    11 |     2 ||    16
         Paralysed         |       |       |       |     6 |       ||     6
 Armour: Robe              |    47 |    38 |    60 |    78 |       ||   223
         Skin              |       |       |       |    58 |       ||    58
         Troll leather arm |       |       |       |   164 |    64 ||   228
  Dodge: Dodged            |    61 |    23 |    91 |   233 |    28 ||   436
  Block: Kite shield       |       |    20 |    84 |   201 |       ||   305
         Form:             |       |       |       |     1 |       ||     1
         Serpent           |       |       |       |     1 |       ||     1
